AoeStats
← tú peor pesadilla | trade.tf

Arabia

510280676Analyzed
1v1 RM · 3d ago on Sep 30, 2026· 35m 46s· 2 players
Game mode
Random Map
Map size
Tiny (2 player)
Population
200
Speed
Normal
Resources
Standard
Victory
Conquest
Starting age
Dark Age
Ending age
Imperial Age
RankedLock teamsTeams togetherTeam positionsShared explorationLock speedFull tech treeHidden civsTurbo modeCheats
Victory
Defeat
249
+19
🇩🇪 Franks · Germany
308
-19
tú peor pesadilla | trade.tf
15:15 Feudal Age
14:00 Loom
15:43 Double-Bit Axe
15:40 Horse Collar
17:02 Champi Runner
19:42 Wheelbarrow
20:00 Scale Mail Armor
20:57 Forging
21:36 Gold Mining
22:21 Stone Mining
24:08 Town Watch
27:33 Arson
31:24 Castle Age
32:54 Heavy Plow
33:05 Bow Saw
33:31 Gold Shaft Mining
33:31 Stone Shaft Mining
33:37 Iron Casting
33:18 Chain Mail Armor
32:30 Champi Warrior
MiDi38
13:01 Feudal Age
14:42 Man-at-Arms
21:41 Loom
25:58 Castle Age
Connection lost

Rejoining the realm…

Still unreachable

The connection could not be restored.

Session expired

The server has moved on; the page needs a fresh start.